 Dungeon Crawl Stone Soup version 0.28-a0-804-g60983d4ba9 (webtiles) character file.

Game seed: 17102449434802449891

1999 jasper the Firebug (level 9, -6/63 HPs)
             Began as a Demonspawn Cinder Acolyte on Nov 7, 2021.
             Was an Initiate of Ignis.
             Hit by a boomerang thrown by an orc warrior (9 damage)
             ... on level 7 of the Dungeon.
             The game lasted 00:07:00 (7067 turns).

jasper the Firebug (Demonspawn Cinder Acolyte)      Turns: 7067, Time: 00:07:00

Health: -6/63      AC:  6    Str: 15    XL:     9   Next: 2%
Magic:  9/15       EV: 11    Int: 22    God:    Ignis [......]
Gold:   322        SH:  5    Dex:  9    Spells: 5/17 levels left

rFire   + + .      SeeInvis +   a - +0 spear (flame)
rCold   x . .      Faith    .   (no shield)
rNeg    . . .      Spirit   .   k - +2 robe {Will+}
rPois   .          Reflect  +   (no helmet)
rElec   .          Harm     .   (no cloak)
rCorr   .          Rampage  .   g - +1 pair of gloves
Will    +....                   (no boots)
Stlth   +.........              y - amulet of reflection
HPRegen 0.20/turn               m - ring of see invisible
MPRegen 0.14/turn               z - ring of fire

@: very slightly contaminated, invisible
A: big brain 2, demonic magic 1, demonic touch 1
a: Renounce Religion, Rising Flame


You were on level 7 of the Dungeon.
You worshipped Ignis.
Ignis was noncommittal.
You visited 1 branch of the dungeon, and saw 7 of its levels.

You collected 322 gold pieces.

Inventory:

Hand Weapons
 a - a +0 spear of flaming (weapon)
 e - a +1 dagger of venom
Missiles
 d - 13 poisoned darts
 h - 95 stones
Armour
 b - a +0 robe
 g - a +1 pair of gloves (worn)
 k - a +2 robe of willpower (worn)
 t - a +2 ring mail of positive energy
Jewellery
 m - a ring of see invisible (left hand)
 y - an amulet of reflection (around neck)
 z - a ring of fire (right hand)
Wands
 v - a wand of acid (9)
 x - a wand of flame (12)
 B - a wand of mindburst (7)
Scrolls
 f - 2 scrolls of magic mapping
 j - a scroll of teleportation
 u - a scroll of enchant weapon
 A - a scroll of amnesia {unknown}
Potions
 c - 2 potions of invisibility
 i - a potion of lignification
 l - a potion of might {unknown}
 n - a potion of resistance {unknown}
 o - a potion of haste {unknown}
 p - a potion of flight {unknown}
 q - 3 potions of mutation
 r - 2 potions of heal wounds {unknown}
 s - 2 potions of degeneration {unknown}
 w - 4 potions of magic {unknown}
 C - a potion of curing {unknown}


   Skills:
 - Level 3.0 Fighting
 - Level 2.6 Polearms
 + Level 4.5 Spellcasting
 * Level 4.9 Conjurations
 - Level 4.0 Translocations
 + Level 7.9 Fire Magic


You had 5 spell levels left.
You knew the following spells:

 Your Spells              Type           Power      Damage    Failure   Level
a - Scorch                Fire           100%       2d10      1%          2
b - Iskenderun's Mystic   Conj/Tloc      24%        2d7       17%         4
c - Mephitic Cloud        Conj/Pois/Air  12%        N/A       16%         3
d - Ignite Poison         Fire/Tmut/Pois 25%        N/A       11%         3

Your spell library contained the following spells:

 Spells                   Type           Power      Damage    Failure   Level
 Summon Small Mammal      Summ           20%        N/A       11%         1
 Dazzling Flash           Conj/Hex       30%        N/A       12%         3
 Call Canine Familiar     Summ           5%         N/A       32%         3
 Summon Guardian Golem    Hex/Summ       5%         N/A       32%         3
 Freezing Cloud           Conj/Ice/Air   6%         6-21      83%         5
 Starburst                Conj/Fire      25%        6d8       75%         6


Dungeon Overview and Level Annotations

Branches:
Dungeon (7/15)             Temple (0/1) D:4

Altars:
The Shining One

Shops:
D:3 ?

Annotations:
D:3 3 runed translucent doors, sirJeffrey23's ghost, weakling DsBe


Innate Abilities, Weirdness & Mutations

You have an extremely huge brain. (Int +4)
Spells you cast may paralyse adjacent enemies.
Your touch may inflict minor irresistible damage on your foes.


Message History

The orc warrior throws a boomerang.
You reflect the boomerang off an invisible shield around you!
The boomerang barely misses the orc warrior.
You fade into invisibility!
The orc warrior throws a boomerang.
The boomerang hits you!
* * * LOW HITPOINT WARNING * * *
You are very lightly contaminated with residual magic.
You take 8 damage, and have 2/63 hp.
The orc warrior throws a boomerang.
Flames leap up around you!
You can no longer fill your surroundings with clouds of flame.
You can no longer call a swarm of foxfires against your foes.
Your foxfire dissipates!
The foxfire hits the orc warrior but does no damage.
The foxfire hits the orc warrior.
The orc warrior is lightly wounded.
The foxfire hits the orc warrior.
The orc warrior is moderately wounded.
The foxfire hits the orc warrior but does no damage.
The orc warrior is moderately wounded.
The foxfire hits the orc warrior.
The orc warrior is moderately wounded.
The foxfire hits the orc warrior but does no damage.
The orc warrior is moderately wounded.
The foxfire hits the orc warrior.
The orc warrior is heavily wounded.
The foxfire hits the orc warrior but does no damage.
The orc warrior is heavily wounded.
The foxfire hits the orc warrior but does no damage.
The orc warrior is heavily wounded.
The foxfire hits the orc warrior.
The orc warrior is severely wounded.
The foxfire hits the orc warrior.
The orc warrior is severely wounded.
Your foxfire dissipates! x2
The foxfire hits the orc warrior but does no damage.
The orc warrior is severely wounded.
An orc comes into view. It is wielding a +0 club.
The orc warrior throws a boomerang.
The boomerang hits you!
You die...

#.#.### #.##### .....## #.#.###
............. #.#.##.
###.#..##..#.#.###########.#.##.
# ......##..#....................
.. #.#..##>##§..######...#.#.....
#.. ........[.§....##..#.....#..(
.. #..##.##..#.#.#..###...###..
##.#.#..##§##...@......#.....#...
.......†.o..o....#.###.....#...##
##.#.##.####..####............##
#.# #..# #.###.....#...##
........# #..# #.##..#.....#..#
##...#### #..# #.##.###...###.#
#M. #..# #.##..#.....#..# #. #...
#.###...###...## # #...
######.#.# #####


You could see an orc warrior and an orc (wandering).

Vanquished Creatures
  Pikel (D:4)
  Sigmund (D:2)
  Menkaure (D:7)
  A steam dragon (D:6)
  A water moccasin (D:7)
  An orc warrior (D:6)
  An ice beast (D:6)
  A sky beast (D:6)
  2 necrophages
  A lemure (D:4)
  2 phantoms (D:5)
  A bullfrog (D:7)
  2 scorpions (D:5)
  A howler monkey (D:6)
  An orc priest (D:5)
  A bullfrog zombie (D:6)
  A jelly (D:6)
  An orc wizard (D:7)
  A killer bee zombie (D:6)
  3 adders
  A gnoll (D:1)
  A white imp (D:6)
  2 dart slugs
  11 orcs
  3 bats (D:2)
  11 endoplasms
  3 giant cockroaches
  4 hobgoblins
  4 jackals (D:1)
  5 kobolds (D:1)
  2 quokkas
  6 ball pythons
  2 frilled lizards
  3 goblins
  5 rats
88 creatures vanquished.

Vanquished Creatures (others)
  104 foxfires
104 creatures vanquished.

Grand Total: 192 creatures vanquished

Notes
Turn   | Place    | Note
-------+----------+-------------------------------------------
     0 | D:1      | jasper the Demonspawn Cinder Acolyte began the quest for
                  | the Orb.
     0 | D:1      | Reached XP level 1. HP: 18/18 MP: 2/2
    86 | D:1      | Reached skill level 3 in Fire Magic
   215 | D:1      | Gained mutation: Spells you cast may paralyse adjacent
                  | enemies. [demonic ancestry]
   215 | D:1      | Reached XP level 2. HP: 15/24 MP: 3/3
   446 | D:1      | Learned a level 2 spell: Scorch
   594 | D:1      | HP: 1/24 [poisoned by a kobold]
  1067 | D:1      | Reached XP level 3. HP: 29/29 MP: 1/4
  1290 | D:1      | Reached skill level 4 in Fire Magic
  2173 | D:2      | Noticed Sigmund
  2176 | D:2      | Killed Sigmund
  2177 | D:2      | Reached skill level 5 in Fire Magic
  2177 | D:2      | Reached XP level 4. HP: 35/35 MP: 0/5
  2177 | D:2      | Gained mutation: You have an unusually large brain. (Int
                  | +2) [demonic ancestry]
  2177 | D:2      | Reached XP level 5. HP: 41/41 MP: 0/6
  2243 | D:2      | Learned a level 4 spell: Iskenderun's Mystic Blast
  2281 | D:2      | Found Letow's Distillery.
  2891 | D:3      | Found a runed translucent gate.
  2891 | D:3      | Found a runed translucent gate.
  2957 | D:3      | Found a runed translucent gate.
  2958 | D:3      | Noticed sirJeffrey23's ghost (weakling DsBe)
  2992 | D:3      | Found a faded altar of an unknown god.
  3091 | D:3      | Found Ygorauc's Magic Scroll Shop.
  3726 | D:4      | Found a staircase to the Ecumenical Temple.
  3741 | D:4      | Noticed a lemure
  3745 | D:4      | Noticed a lemure
  3747 | D:4      | Noticed Pikel
  3749 | D:4      | Noticed a lemure
  3751 | D:4      | Killed a lemure
  3751 | D:4      | Noticed a lemure
  3759 | D:4      | Killed Pikel
  3760 | D:4      | Reached skill level 7 in Fire Magic
  3760 | D:4      | Reached XP level 6. HP: 26/47 MP: 1/7
  3760 | D:4      | Gained mutation: Your touch may inflict minor irresistible
                  | damage on your foes. [demonic ancestry]
  3760 | D:4      | Reached XP level 7. HP: 29/52 MP: 1/8
  3997 | D:4      | You fall into a shaft and drop 1 floor!
  3997 | D:5      | Entered Level 5 of the Dungeon
  4475 | D:5      | Reached skill level 1 in Conjurations
  4591 | D:5      | Reached skill level 1 in Translocations
  4925 | D:5      | Learned a level 3 spell: Mephitic Cloud
  5153 | D:5      | Reached XP level 8. HP: 58/58 MP: 6/11
  5157 | D:5      | Learned a level 3 spell: Ignite Poison
  7039 | D:7      | Noticed Menkaure
  7047 | D:7      | Killed Menkaure
  7048 | D:7      | Gained mutation: You have an extremely huge brain. (Int +4)
                  | [demonic ancestry]
  7048 | D:7      | Reached XP level 9. HP: 19/63 MP: 8/15
  7061 | D:7      | HP: 2/63 [orc warrior/boomerang (8)]
  7067 | D:7      | Hit by a boomerang thrown by an orc warrior

Illustrated notes

Levels and vault maps discovered:
D:1:      elethiomel_arrival_maze, layout_basic, minmay_unequal
D:2:      layout_rooms, serial_shops, nicolae_shop_trees, dk_vineyard_1,
          minmay_misc_feat_rows, uniq_sigmund
D:3:      layout_loops_ring, dreamdust_ecumenical_altar_angels_and_demons,
          serial_shops, nicolae_shop_window_shopping, gammafunk_ghost_split
D:4:      layout_rooms, minmay_temple_entry_wispy, serial_rivers,
          chequers_serial_rivers_micro_a, chequers_serial_rivers_large_b,
          chequers_serial_rivers_small_a, chequers_serial_rivers_marsh,
          chequers_serial_rivers_micro_a, chequers_serial_rivers_micro_b,
          uniq_pikel
D:5:      layout_loops_ring, mainiacjoe_overflow_chevrons,
          minmay_misc_feat_enclosed
D:6:      layout_loops_corners, minmay_splitting_lines
D:7:      layout_basic, minmay_strange_pillars, eino_jars, uniq_menkaure

Skill      XL: |  1  2  3  4  5  6  7  8 |
---------------+-------------------------+-----
Fire Magic     | 3 5 7 |  7.9
Conjurations   | 2 4 |  4.9
Translocations | 2 4 |  4.0
Spellcasting   | 2 4 |  4.5
Fighting       | |  3.0
Polearms       | |  2.6

Action                   |  1- 3 |  4- 6 |  7- 9 || total
-------------------------+-------+-------+-------++-------
Melee: Spear             |    48 |     1 |     8 ||    57
       Touch             |       |       |     1 ||     1
 Cast: Scorch            |    17 |    24 |    75 ||   116
Invok: Foxfire Swarm     |     2 |     5 |     2 ||     9
  Use: Scroll            |     2 |     5 |     3 ||    10
       Potion            |       |       |     1 ||     1
Armor: Robe              |     3 |     2 |     7 ||    12
Dodge: Dodged            |    16 |     8 |    10 ||    34
Block: Other             |       |       |     1 ||     1
       Reflection        |       |       |     1 ||     1

Table legend: (Time is in decaauts)
 A = Elapsed time spent in this place.
 B = Non-inter-level travel time spent in this place.
 C = Inter-level travel time spent in this place.
 D = Time resting spent in this place.
 E = Time spent auto-exploring this place.
 F = Levels seen in this place.
 G = Mean time per level.
                   A        B        C        D        E       F      G
               +--------+--------+--------+--------+--------+-----+--------+
         Total |   7095 |   6940 |    155 |    872 |   5385 |   7 | 1013.6 |
       Dungeon |   7095 |   6940 |    155 |    872 |   5385 |   7 | 1013.6 |
               +--------+--------+--------+--------+--------+-----+--------+

Top non-repeatable levels by time:
     D:1: 2164 daAuts
     D:6: 1389 daAuts
     D:5: 1065 daAuts
     D:4: 807 daAuts
     D:3: 701 daAuts
     D:2: 622 daAuts
     D:7: 344 daAuts
